 Dungeon Crawl Stone Soup version 0.31.0-32-g396128a36d (webtiles) character file.

Game seed: 3003482333757388804

3309 mothy the Grappler (level 9, -2/85 HPs)
             Began as a Troll Berserker on Mar 25, 2024.
             Was a Priest of Trog.
             Slain by a killer bee (3 damage)
             ... on level 8 of the Dungeon.
             The game lasted 00:12:34 (6135 turns).

mothy the Grappler (Troll Berserker)                Turns: 6135, Time: 00:12:35

Health: -2/85      AC:  4    Str: 29    XL:     9   Next: 70%
Magic:  8/8        EV: 14    Int:  3    God:    Trog [***...]
Gold:   409        SH:  0    Dex: 23    Spells: 8/8 levels left

rFire   . .          .
                       - Unarmed
rCold   . . .        (no shield)
rNeg    . . .        a - +0 animal skin
rPois   .            (helmet restricted)
rElec   .            (no cloak)
rCorr   .            (gloves unavailable)
SInv    .            (boots unavailable)
Will    .....        (no amulet)
Stlth   +++          f - +6 ring of dexterity
HPRegen 1.14/turn    l - +6 ring of dexterity
MPRegen 0.11/turn

%: no passive effects
@: lethally poisoned (-2 -> -7)
A: large, unfitting armour, claws 3, regeneration 1, shaggy fur 1, tough skin 1
a: Renounce Religion, Berserk, Trog's Hand


You were on level 8 of the Dungeon.
You worshipped Trog.
Trog was most pleased with you.
You visited 1 branch of the dungeon, and saw 9 of its levels.

You collected 409 gold pieces.

Inventory:

Missiles
 t - a throwing net (quivered)
Armour
 a - a +0 animal skin (worn)
 m - a +0 ring mail
Jewellery
 f - a +6 ring of dexterity (left claw)
 l - a +6 ring of dexterity (right claw)
Talismans
 g - a flux talisman
Wands
 q - a wand of iceblast (3)
Scrolls
 c - a scroll of brand weapon {unknown}
 h - 2 scrolls of identify
 i - 2 scrolls of vulnerability {unknown}
 j - 3 scrolls of teleportation
 p - a scroll of immolation {unknown}
 r - 2 scrolls of fog {unknown}
 s - a scroll of butterflies {unknown}
 v - a scroll of noise {unknown}
 w - a scroll of enchant armour {unknown}
 x - 2 scrolls of enchant weapon
 y - a scroll of revelation {unknown}
 z - 2 scrolls of amnesia {unknown}
 A - a scroll of fear {unknown}
 B - a scroll of poison
Potions
 b - 2 potions of invisibility {unknown}
 d - 3 potions of enlightenment {unknown}
 e - 4 potions of heal wounds
 k - a potion of mutation {unknown}
 n - a potion of might {unknown}
 o - a potion of brilliance {unknown}
 u - 6 potions of curing {unknown}
 C - a potion of magic {unknown}
 D - a potion of attraction {unknown}


   Skills:
 + Level 4.4 Fighting
 + Level 5.6 Dodging
 + Level 3.1 Stealth
 + Level 10.6 Unarmed Combat


You had 8 spell levels left.
You didn't know any spells.
Your spell library was empty.

Dungeon Overview and Level Annotations

Branches:
Dungeon (9/15)             Temple (0/1) D:5            Lair (0/5) D:8
    Orc: D:9-12

Altars:
Ashenzari
Cheibriados
Fedhas
Sif Muna
Xom

Shops:
D:5 *([?


Innate Abilities, Weirdness & Mutations

You are too large for most types of armour.
You have claws for hands.
Your natural rate of healing is unusually fast.
You are covered in fur. (AC +1)
You have tough skin. (AC +1)


Message History

You feel extremely sick.
The killer bee attacks as it pursues you!
The killer bee barely misses you.
The killer bee attacks as it pursues you!
The killer bee stings you! The killer bee stings you.
The killer bee stings you!
* * * LOW HITPOINT WARNING * * *
You feel very sick.
The killer bee attacks as it pursues you!
The killer bee misses you. x2
The killer bee stings you but does no damage.
There is a stone staircase leading up here.
You feel very sick. The killer bee misses you.
The killer bee barely misses you.
The killer bee stings you but does no damage.
The killer bee closely misses you.
You climb upwards.
You feel very sick.
There is a stone staircase leading down here.
You feel much better.
You feel very sick.
The killer bee stings you but does no damage.
The killer bee stings you.
* * * LOW HITPOINT WARNING * * *
The killer bee misses you. The killer bee closely misses you.
You scratch the killer bee.
The killer bee is moderately wounded.
You feel sick. The killer bee stings you.
* * * LOW HITPOINT WARNING * * *
You are more poisoned.
The killer bee poisons you! The killer bee misses you.
The killer bee barely misses you.
You miss the killer bee. Your claw misses the killer bee.
The killer bee is moderately wounded.
* * * LOW HITPOINT WARNING * * *
You feel very sick. The killer bee barely misses you.
The killer bee stings you!
* * * LOW HITPOINT WARNING * * *
The killer bee stings you.
You die...

#.....#.#.#.#
#####.......#
########.#...#
#............#
#.########...#
#.# #...# #.#
#...# #.#
#.#y# #)#
#.y@# #.#
##### #.# #.#
#.# #####.#
......#
#######


You could see 2 killer bees.

Vanquished Creatures
  A wyvern (D:7)
  6 yaks (D:8)
  Menkaure (D:5)
  2 water moccasins
  An orc warrior (D:7)
  3 ice beasts
  An ogre (D:4)
  2 centaurs (D:8)
  2 kobold brigands
  2 phantoms
  2 scorpions
  3 bullfrogs
  5 killer bees
  An electric eel (D:7)
  2 bombardier beetles
  A hound (D:5)
  A gnoll bouda (D:6)
  An orc priest (D:5)
  2 jellies
  An iguana (D:5)
  3 orc wizards
  6 gnolls
  6 adders
  A shadow imp (D:5)
  A white imp (D:6)
  2 dart slugs
  A ribbon worm (D:3)
  6 orcs
  3 bats
  5 endoplasms
  5 giant cockroaches
  A hobgoblin (D:3)
  7 kobolds
  3 quokkas
  6 ball pythons
  2 frilled lizards
  9 goblins
  3 rats
110 creatures vanquished.

Notes
Turn   | Place    | Note
-------+----------+-------------------------------------------
     0 | D:1      | mothy the Troll Berserker began the quest for the Orb.
     0 | D:1      | Reached XP level 1. HP: 22/22 MP: 0/0
   245 | D:1      | Reached XP level 2. HP: 25/29 MP: 1/1
   641 | D:2      | Found a faded altar of an unknown god.
   834 | D:2      | Reached XP level 3. HP: 33/36 MP: 2/2
  1132 | D:3      | Reached ** piety under Trog
  1176 | D:3      | Reached XP level 4. HP: 24/44 MP: 3/3
  1237 | D:3      | Identified the +2 scale mail of Vermicelli {Dex+5 Stlth+}
  1480 | D:3      | Found a snail-covered altar of Cheibriados.
  1556 | D:3      | Reached skill level 4 in Unarmed Combat
  1873 | D:4      | Noticed an ogre
  1876 | D:4      | Killed an ogre
  1877 | D:4      | Reached XP level 5. HP: 53/53 MP: 4/4
  2050 | D:4      | Found a blossoming altar of Fedhas.
  2052 | D:4      | Found a shimmering blue altar of Sif Muna.
  2462 | D:5      | Entered Level 5 of the Dungeon
  2464 | D:5      | Found Bush's Weapon Emporium.
  2491 | D:5      | Found Aleogg's Antique Armour Emporium.
  2540 | D:5      | Found Yssuheel's Magic Scroll Shoppe.
  2558 | D:5      | Reached skill level 5 in Unarmed Combat
  2661 | D:5      | Found a staircase to the Ecumenical Temple.
  2671 | D:5      | Reached XP level 6. HP: 53/61 MP: 5/5
  2783 | D:5      | Noticed a water moccasin
  2795 | D:5      | Killed a water moccasin
  2813 | D:5      | Reached skill level 1 in Stealth
  2825 | D:5      | Noticed Menkaure
  2870 | D:5      | Killed Menkaure
  2871 | D:5      | Reached skill level 6 in Unarmed Combat
  2871 | D:5      | Reached XP level 7. HP: 19/67 MP: 6/6
  2940 | D:5      | Found Dolanke's Assorted Antiques.
  3110 | D:5      | Found a broken altar of Ashenzari.
  3119 | D:5      | Found a shimmering altar of Xom.
  3320 | D:6      | Reached skill level 7 in Unarmed Combat
  3326 | D:6      | Reached *** piety under Trog
  3402 | D:6      | Reached XP level 8. HP: 76/78 MP: 7/7
  4266 | D:7      | Reached skill level 8 in Unarmed Combat
  4724 | D:7      | Reached skill level 5 in Dodging
  5015 | D:7      | Reached skill level 9 in Unarmed Combat
  5056 | D:8      | Reached XP level 9. HP: 76/84 MP: 8/8
  5060 | D:8      | HP: 3/84 [yak (11)]
  5089 | D:8      | Reached skill level 10 in Unarmed Combat
  5730 | D:8      | Found a staircase to the Lair.
  6135 | D:8      | HP: 1/85 [killer bee (7)]
  6135 | D:8      | Slain by a killer bee

Illustrated notes

Levels and vault maps discovered:
D:1:      psy_arrival_basics, layout_rooms
D:2:      layout_loops_ring, hellmonk_ecumenical_altar_inner_sanctum
D:3:      layout_basic, mainiacjoe_overflow_24_doors, minmay_ruptured
D:4:      layout_cave_pods, jmf_multi_god_temple
D:5:      layout_basic, minitemple, minmay_temple_entry_proselytizer,
          serial_shops, nicolae_square_shop, shop_fountains,
          nicolae_shop_getting_attention, nicolae_shop_overgrown_old_shop,
          uniq_menkaure
D:6:      layout_loops_corners, chequers_serial_rivers_room_a
D:7:      layout_basic, reono_crystal_passage,
          serial_library_regret_index_small_wings, minivault_24,
          lightli_minifort
D:8:      layout_basic, dpeg_oklobed_lair, grunt_decor_arrowhead, nicolae_titane
D:9:      layout_cave_pools, enter_bailey_2

Skill      XL: |  1  2  3  4  5  6  7  8  9 |
---------------+----------------------------+-----
Dodging        | 3 4 5 |  5.6
Unarmed Combat | 4 5 6 7 9 10 | 10.6
Fighting       | 3 4 |  4.4
Stealth        | 1 2 3 |  3.1

Action                     |  1- 3 |  4- 6 |  7- 9 || total
---------------------------+-------+-------+-------++-------
  Melee: Unarmed           |    66 |    72 |   147 ||   285
         Punch             |       |       |     8 ||     8
 Invoke: Berserk           |     1 |     1 |     2 ||     4
    Use: Potion            |     1 |       |     2 ||     3
         Scroll            |       |       |     4 ||     4
   Stab: Sleeping          |       |     2 |     6 ||     8
 Armour: Animal skin       |    35 |    47 |   102 ||   184
  Dodge: Dodged            |    41 |    40 |   102 ||   183
